 Dungeon Sprint DCSS version 0.18.1-48-g4cf74bf (webtiles) character file.

137 IcyTea the Ruffian (level 5, -4/40 HPs)
             Began as a Draconian Transmuter on Sept 3, 2016.
             Was an Initiate of Dithmenos.
             Killed from afar by an oklob sapling wizard (9 damage)
             ... with a splash of acid
             ... in the Dungeon (Sprint IV: "Fedhas' Mad Dash").
             The game lasted 00:04:04 (1003 turns).

IcyTea the Ruffian (Draconian Transmuter)           Turns: 1003, Time: 00:04:05

Health: -4/40      AC: -1    Str: 13    XL:     5   Next: 0%
Magic:  5/10       EV: 12    Int: 14    God:    Dithmenos [......]
Gold:   66         SH:  0    Dex: 11    Spells: 3 memorised, 3 levels left

rFire  . . .     SeeInvis .       - Unarmed
rCold  . . .     Gourm    .     (armour unavailable)
rNeg   . . .     Faith    .     (shield currently unavailable)
rPois  .         Spirit   .     (helmet restricted)
rElec  .         Dismiss  .     k - +1 cloak {+Inv}
rCorr  .         Reflect  .     (gloves currently unavailable)
SustAt .         Harm     .     (no boots)
MR     .....     NoTele   +     (no amulet)
Stlth  +.........               (no ring)
                                (no ring)

@: blade hands, corroded, not resistant to hostile enchantments, very unstealthy
A: unfitting armour, cold-blooded, AC +5
a: End Transformation, Renounce Religion, Evoke Invisibility


You were in the Dungeon.
You worshipped Dithmenos.
Dithmenos was noncommittal.
You were very hungry.
You had blades for hands.
You visited 1 branch You collected 66 gold pieces.

Inventory:

Missiles
 a - 12 arrows
Armour
 k - a +1 cloak of invisibility (worn)
Scrolls
 i - a scroll of blinking
 j - a scroll of remove curse {unknown}
Potions
 d - a potion of curing
 e - a potion of heal wounds
 f - a potion of haste
 g - 2 potions of magic
 h - a potion of berserk rage
Books
 b - a book of Changes

   Spells                             Type                      Level
   a - Beastly Appendage              Transmutation                1
   b - Sticks to Snakes               Transmutation                2
   c - Spider Form                    Transmutation/Poison         3
   d - Ice Form                       Ice/Transmutation            4
   e - Blade Hands                    Transmutation                5
Comestibles
 c - a bread ration


   Skills:
 - Level 1.1 Fighting
 - Level 1.7 Dodging
 - Level 7.0 Unarmed Combat
 + Level 3.7 Spellcasting
 - Level 7.0 Transmutations


You had 3 spell levels left.
You knew the following spells:

 Your Spells              Type           Power        Failure   Level  Hunger
a - Blade Hands           Trmt           ###.......   80%         5    ######.
b - Sticks to Snakes      Trmt           ###.....     21%         2    ##.....
c - Beastly Appendage     Trmt           ###...       17%         1    None


Dungeon Overview and Level Annotations

Branches:
Dungeon (1/1)

Altars:
Cheibriados
Dithmenos
Elyvilon
Gozag
Kikubaaqudgha
Makhleb
Nemelex Xobeh
Okawaru
Pakellas
Qazlal
Ru
Sif Muna
Trog
Vehumet
Xom
Yredelemnul
Zin
The Shining One
Beogh
Jiyva
Lugonu

Annotations:
D exclusion: oklob sapling


Innate Abilities, Weirdness & Mutations

Your plain brown scales are hard (AC +5).
Your body does not fit into most forms of armour.
You are cold-blooded and may be slowed by cold attacks.


Message History

Marking area around the oklob sapling wizard as unsafe for travelling.
An oklob sapling wizard comes into view.
Found 20 gold pieces.
The oklob sapling wizard spits acid at you.
The splash of acid hits you! The acid corrodes you!
The acid burns!
There is an open door here.
The oklob sapling wizard spits acid at you.
The splash of acid hits you! The acid corrodes you!
The acid burns!
* * * LOW HITPOINT WARNING * * *
You hit the oklob sapling wizard but do no damage.
You tail-slap the oklob sapling wizard, but do no damage.
You hit the oklob sapling wizard but do no damage.
You tail-slap the oklob sapling wizard, but do no damage.
You slash the oklob sapling wizard!
You tail-slap the oklob sapling wizard, but do no damage.
The oklob sapling wizard is almost destroyed.
You are feeling very hungry.
The oklob sapling wizard spits acid at you.
The splash of acid hits you!
You die...

###################
.#.⌠...._....⌠.#.$+
.'._._._._._._.'.P#
.#_._._._._._._#@.#
##._._._._._._.#.$#
.#.⌠...._....⌠.####
.############### ##


You could see an oklob sapling wizard.

Vanquished Creatures
  3 oklob saplings (D)
  A worker ant (D)
  A river rat (D)
  A rat (D)
6 creatures vanquished.

Notes
Turn   | Place    | Note
--------------------------------------------------------------
     0 | D        | IcyTea the Draconian Transmuter began the quest for the Orb.
     0 | D        | Reached XP level 1. HP: 16/16 MP: 3/3
    11 | D        | Reached skill level 5 in Unarmed Combat
    11 | D        | Reached XP level 2. HP: 9/23 MP: 5/5
   208 | D        | Noticed an oklob sapling
   215 | D        | Killed an oklob sapling
   215 | D        | Reached XP level 3. HP: 3/28 MP: 6/6
   729 | D        | Found a snail-covered altar of Cheibriados.
   729 | D        | Found a glowing silver altar of Zin.
   729 | D        | Found a white marble altar of Elyvilon.
   730 | D        | Found a viscous altar of Jiyva.
   730 | D        | Found a radiant altar of Vehumet.
   730 | D        | Found a deep blue altar of Sif Muna.
   730 | D        | Found a burning altar of Makhleb.
   730 | D        | Found an oddly glowing altar of Pakellas.
   730 | D        | Found an ancient bone altar of Kikubaaqudgha.
   730 | D        | Found a bloodstained altar of Trog.
   730 | D        | Found a corrupted altar of Lugonu.
   730 | D        | Found a sacrificial altar of Ru.
   730 | D        | Noticed an oklob sapling priest
   737 | D        | Found a sparkling altar of Nemelex Xobeh.
   737 | D        | Found a glowing golden altar of the Shining One.
   738 | D        | Found a shadowy altar of Dithmenos.
   739 | D        | Found a shimmering altar of Xom.
   739 | D        | Found an iron altar of Okawaru.
   740 | D        | Found an opulent altar of Gozag.
   741 | D        | Found a roughly hewn altar of Beogh.
   741 | D        | Found a basalt altar of Yredelemnul.
   755 | D        | Killed an oklob sapling priest
   755 | D        | Reached XP level 4. HP: 15/35 MP: 5/7
   934 | D        | Found a stormy altar of Qazlal.
   938 | D        | Learned a level 2 spell: Sticks to Snakes
   941 | D        | Became a worshipper of Dithmenos the Shadowed
   959 | D        | Reached XP level 5. HP: 40/40 MP: 7/10
   972 | D        | Learned a level 5 spell: Blade Hands
  1003 | D        | Killed from afar by an oklob sapling wizard

Skill      XL: |  1  2  3  4 |
---------------+-------------+-----
Unarmed Combat | 5 7 |  7.0
Transmutations | 7 |  7.0
Spellcasting   | 3 |  3.7
Fighting       | |  1.1
Dodging        | |  1.7

Action                   |  1- 3 |  4- 6 || total
-------------------------+-------+-------++-------
Melee: Unarmed           |    36 |     7 ||    43
       Punch             |     2 |       ||     2
       Tailslap          |     3 |     4 ||     7
       Kick              |     1 |       ||     1
 Cast: Beastly Appendage |     1 |       ||     1
       Blade Hands       |       |     1 ||     1
 Abil: Evoke Invisibilit |     1 |       ||     1
Armor: Skin              |     3 |       ||     3
Dodge: Dodged            |    10 |       ||    10
